 Dungeon Crawl Stone Soup version 0.31-a0-219-g8d62b2e7bb (webtiles) character file.

Game seed: 9832664613315477965

95 innerfire43 the Trooper (level 4, -6/37 HPs)
             Began as a Demonspawn Monk on July 3, 2023.
             Mangled by an orc
             ... wielding a +0 flail
              (9 damage)
             ... on level 2 of the Dungeon.
             The game lasted 00:01:13 (1162 turns).

innerfire43 the Trooper (Demonspawn Monk)           Turns: 1162, Time: 00:01:13

Health: -6/37      AC:  2    Str: 13    XL:     4   Next: 39%
Magic:  4/4        EV: 13    Int: 11    God:
Gold:   93         SH:  0    Dex: 16    Spells: 3/3 levels left

rFire   . . .        a - +0 hand axe
rCold   . . .        d - orb {light}
rNeg    . . .        b - +0 robe
rPois   .            (no helmet)
rElec   .            (no cloak)
rCorr   .            (no gloves)
SInv    .            (no boots)
Will    .....        (no amulet)
Stlth   +            (no ring)
HPRegen 0.26/turn    (no ring)
MPRegen 0.09/turn

%: no passive effects
@: glowing
A: powered by death 1
a: no special abilities


You were on level 2 of the Dungeon.
You visited 1 branch of the dungeon, and saw 2 of its levels.

You collected 93 gold pieces.

Inventory:

Hand Weapons
 a - a +0 hand axe (weapon)
Armour
 b - a +0 robe (worn)
 d - an orb of light (worn)
Scrolls
 e - 4 scrolls of teleportation {unknown}
 f - a scroll of identify {unknown}
 g - a scroll of amnesia {unknown}
Potions
 c - a potion of ambrosia


   Skills:
 + Level 3.9 Fighting
 + Level 3.5 Axes
 + Level 3.4 Dodging


You had 3 spell levels left.
You didn't know any spells.
Your spell library contained the following spells:

 Spells                   Type           Power      Damage    Failure   Level
 Portal Projectile        Hex/Tloc       0%         N/A       71%         3
 Stone Arrow              Conj/Erth      0%         3d7       71%         3
 Summon Guardian Golem    Hex/Summ       0%         N/A       71%         3
 Leda's Unmaking          Conj/Erth      0%         9d1       100%        6


Dungeon Overview and Level Annotations

Branches:
Dungeon (2/15)

Altars:


Innate Abilities, Weirdness & Mutations

You regenerate a little health from kills.


Message History

The orc is severely wounded.
The orc misses you.
Unknown command.
Found 8 gold pieces.
The orc misses you. The orc hits you but does no damage.
Things that are here:
a +0 short sword; an orc corpse You hit the orc.
The orc is almost dead.
You hit the orc but do no damage.
The orc hits you from afar with a +0 trident!
The orc closely misses you. The orc barely misses you.
You hit the orc but do no damage. You hit the orc.
You kill the orc!
You hit the orc but do no damage.
The orc hits you from afar with a +0 trident.
The orc closely misses you. x2
Unknown command.
You hit the orc.
The orc is heavily wounded.
You barely miss the orc. The orc barely misses you. The orc misses you.
The orc hits you from afar with a +0 trident!
The orc hits you with a +0 falchion. The orc closely misses you.
Unknown command.
You completely miss the orc.
The orc is heavily wounded.
You barely miss the orc. You hit the orc.
The orc hits you from afar with a +0 trident!
The orc hits you with a +0 flail!
* * * LOW HITPOINT WARNING * * *
The orc closely misses you. The orc completely misses you.
You barely miss the orc.
The orc is heavily wounded.
You barely miss the orc. You hit the orc but do no damage.
The orc closely misses you. The orc barely misses you.
The orc closely misses you. The orc hits you with a +0 falchion.
* * * LOW HITPOINT WARNING * * *
Unknown command.
It was a potion of magic.
Magic courses through your body. The orc barely misses you.
The orc hits you with a +0 flail!
You die...

#.#.# ....#≈#....#
######..# ....≈§§..$.+
#......##
....#≈#....###..##...#
....§§§....##..###..#.#
#......... #..##
#..##.# #......o #.##
#... .. ##...oo####.#
#.### # #....o@)##..#
#.# #...⌠......## #.#
#........### ##########


You could see 4 orcs.

Vanquished Creatures
  Jessica (D:2)
  An adder (D:2)
  3 dart slugs
  3 orcs (D:2)
  4 endoplasms
  2 giant cockroaches
  5 goblins
  3 hobgoblins
  2 jackals (D:1)
  5 kobolds
  2 quokkas (D:1)
  7 ball pythons
  3 bats
  5 frilled lizards
  5 rats
51 creatures vanquished.

Notes
Turn   | Place    | Note
-------+----------+-------------------------------------------
     0 | D:1      | innerfire43 the Demonspawn Monk began the quest for the
                  | Orb.
     0 | D:1      | Reached XP level 1. HP: 18/18 MP: 1/1
    78 | D:1      | Gained mutation: You regenerate a little health from kills.
                  | [demonic ancestry]
    78 | D:1      | Reached XP level 2. HP: 18/24 MP: 2/2
   174 | D:1      | Got the Commentary on Arcane Combat and Malisons
   369 | D:1      | Reached XP level 3. HP: 29/29 MP: 3/3
   992 | D:2      | Noticed Jessica
  1005 | D:2      | Killed Jessica
  1006 | D:2      | Reached XP level 4. HP: 27/37 MP: 4/4
  1162 | D:2      | Mangled by an orc

Illustrated notes

Levels and vault maps discovered:
D:1:      dpeg_arrival_pits, layout_basic, serial_glass, glass_columns_b,
          glass_columns_c, minmay_strange_pillars, feat_on_display
D:2:      layout_loops_ring, hellmonk_ecumenical_altar_defaced_shrine,
          uniq_crazy_yiuf_cottage, uniq_jessica

Skill      XL: |  1  2 |
---------------+-------+-----
Axes           | 3 |  3.5
Dodging        | 3 |  3.4
Fighting       | |  3.9

Action                     |  1- 3 |  4- 6 || total
---------------------------+-------+-------++-------
  Melee: Hand axe          |   110 |    21 ||   131
    Use: Potion            |       |     1 ||     1
 Armour: Robe              |    21 |     1 ||    22
  Dodge: Dodged            |    75 |    27 ||   102

Table legend: (Time is in decaauts)
 A = Elapsed time spent in this place.
 B = Non-inter-level travel time spent in this place.
 C = Inter-level travel time spent in this place.
 D = Time resting spent in this place.
 E = Time spent auto-exploring this place.
 F = Levels seen in this place.
 G = Mean time per level.
                   A        B        C        D        E       F      G
               +--------+--------+--------+--------+--------+-----+--------+
         Total |   1180 |   1180 |      0 |      0 |    894 |   2 |  590.0 |
       Dungeon |   1180 |   1180 |      0 |      0 |    894 |   2 |  590.0 |
               +--------+--------+--------+--------+--------+-----+--------+

Top non-repeatable levels by time:
     D:1: 787 daAuts
     D:2: 393 daAuts
